 Dungeon Crawl Stone Soup version 0.24.0-37-gcf1ca852f1 (webtiles) character file.

Game seed: 14682541597569944748, levelgen mode: deterministic

2883 Mrkan the Cleaver (level 9, -2/81 HPs)
             Began as a Hill Orc Fighter on Dec 3, 2019.
             Was a Believer of Ashenzari.
             Killed by divine providence
             ... invoked by an orc priest
              (13 damage)
             ... on level 9 of the Dungeon.
             The game lasted 00:13:56 (8170 turns).

Mrkan the Cleaver (Hill Orc Fighter)                Turns: 8170, Time: 00:13:56

Health: -2/81      AC: 16    Str: 22    XL:     9   Next: 76%
Magic:  9/9        EV: 13    Int:  8    God:    Ashenzari [**....]
Gold:   350        SH: 11    Dex: 10    Spells: 8/8 levels left

rFire    . . .     SeeInvis .   a - +1 war axe (curse)
rCold    . . .     Gourm    .   c - +0 shield
rNeg     . . .     Faith    .   o - +0 plate armour (curse)
rPois    +         Spirit   .   p - +1 helmet
rElec    .         Reflect  .   (no cloak)
rCorr    .         Harm     .   t - +0 pair of gloves
MR       .....                  (no boots)
Stlth    ..........             (no amulet)
HPRegen  0.23/turn              A - ring of poison resistance
MPRegen  0.11/turn              y - ring of Phasing {EV+8}

@: no status effects
A: no striking features
a: Curse Item, Scrying, Renounce Religion, Convert to Beogh


You were on level 9 of the Dungeon.
You worshipped Ashenzari.
Ashenzari was pleased with you.
You were not hungry.

You visited 1 branch of the dungeon, and saw 9 of its levels.

You collected 350 gold pieces.

Inventory:

Hand Weapons
 a - a cursed +1 war axe (weapon)
Armour
 c - a +0 shield (worn)
 o - a cursed +0 plate armour (worn)
 p - a +1 helmet (worn)
 t - a +0 pair of gloves (worn)
Jewellery
 l - an uncursed amulet of faith
 y - the ring of Phasing (right hand) {EV+8}
   (You found it on level 5 of the Dungeon)

   [ring of evasion]

   It affects your evasion (+8).
 A - a ring of poison resistance (left hand)
 C - an uncursed amulet of harm
Wands
 b - a wand of acid (13)
 D - a wand of flame (45)
Scrolls
 i - a scroll of amnesia
 j - a scroll of random uselessness
 m - a scroll of identify
 q - a scroll of teleportation
 v - 6 scrolls of remove curse
 B - a scroll of vulnerability {unknown}
 G - a scroll of fog {unknown}
 H - a scroll of enchant armour {unknown}
 J - a scroll of immolation {unknown}
Potions
 d - 2 potions of might
 e - 4 potions of cancellation
 h - 2 potions of resistance
 n - a potion of berserk rage
 r - a potion of ambrosia
 u - 2 potions of agility
 x - a potion of magic
 z - 2 potions of brilliance
 E - a potion of degeneration
 F - a potion of invisibility
 I - a potion of lignification {unknown}
Comestibles
 f - 12 rations


   Skills:
 + Level 8.0 Fighting
 * Level 11.0(13.0) Axes
 + Level 7.2 Armour
 + Level 7.2 Shields


You had 8 spell levels left.
You didn't know any spells.
Your spell library was empty.

Dungeon Overview and Level Annotations

Branches:
Dungeon (9/15)             Temple (0/1) D:4
   Lair: D:8-11         Orc: D:9-12

Altars:
Ashenzari
Dithmenos
Elyvilon
Fedhas
Hepliaklqana
Kikubaaqudgha
Ru
Trog
Uskayaw
Vehumet
Xom
Zin
The Shining One

Annotations:
D:6 exclusion: statue
D:7 Prince Ribbit
D:9 Maurice


Message History

Your plate armour prevents you from hitting the shadow imp.
The shadow imp closely misses you.
You hit the shadow imp but do no damage.
You block the wight's attack. You block the shadow imp's attack.
You hit the shadow imp.
The shadow imp is moderately wounded.
You hit the shadow imp.
The shadow imp is heavily wounded.
The shadow imp gestures at you. Pain shoots through your body!
* * * LOW HITPOINT WARNING * * *
The wight hits you but does no damage.
You closely miss the shadow imp.
The shadow imp is heavily wounded.
You block the shadow imp's attack. The wight barely misses you.
Okay, then.
The shadow imp grins evilly.
The orc priest calls down the wrath of Beogh upon you.
Beogh smites you!
You die...

,........z######.##.(...
,.........o.(((.o.......
,,..#####.Y.z..zoz......
,. #..#####(#.#### #..#
#Y#,# * #...* #z# #.#. *
#.# ###* * #.#.. #5#
,#.. , .. #. #@#, .#.#
*** ,,*#.#, .#.########
,*#.#, ...........,, ..#
##.########* ,#.# * ,#<#
* #.#, ### * * ..# , , ,
,... * ** ** , *


You could see an orc warrior, an ice beast, 3 wights, an orc priest and a shadow
imp.

Vanquished Creatures
  Pikel (D:6)
  A hungry ghost (D:8)
  Edmund (D:6)
  Duvessa (D:6)
  An orc warrior (D:7)
  A slave (D:6)
  An ice beast (D:5)
  4 ogres
  A sky beast (D:8)
  2 centaurs
  3 bullfrogs
  Dowan (D:6)
  2 scorpions
  2 vampire bats (D:2)
  2 howler monkeys
  A crimson imp (D:5)
  A centaur zombie (D:5)
  7 hounds
  A jelly (D:8)
  5 orc priests
  2 orc wizards (D:7)
  2 iguanas
  3 worker ants
  A hound skeleton (D:4)
  Robin (D:2)
  3 adders
  4 gnolls (D:4)
  An ooze (D:2)
  An adder skeleton (D:7)
  A dart slug (D:2)
  4 worms
  4 leopard geckos
  17 orcs
  10 bats
  3 bat skeletons (D:2)
  4 bat zombies (D:2)
  5 giant cockroaches
  18 goblins
  10 hobgoblins
  8 jackals
  3 quokkas
  2 ball pythons
  3 frilled lizards
  5 kobolds
  A leopard gecko skeleton (D:8)
  A quokka zombie (D:5)
  2 rats
158 creatures vanquished.

Vanquished Creatures (others)
  2 bullfrogs (D:6)
  A bullfrog zombie (D:6)
  An orc (D:6)
4 creatures vanquished.

Grand Total: 162 creatures vanquished

Notes
Turn   | Place    | Note
-------+----------+-------------------------------------------
     0 | D:1      | Mrkan the Hill Orc Fighter began the quest for the Orb.
     0 | D:1      | Reached XP level 1. HP: 19/19 MP: 1/1
   117 | D:1      | Reached skill level 3 in Axes
   121 | D:1      | Reached XP level 2. HP: 26/27 MP: 2/2
   632 | D:2      | Noticed Robin
   637 | D:2      | Reached XP level 3. HP: 23/33 MP: 3/3
   646 | D:2      | Killed Robin
   848 | D:2      | Found a faded altar of an unknown god.
   930 | D:2      | Reached skill level 4 in Axes
   937 | D:2      | Reached XP level 4. HP: 35/40 MP: 4/4
  1138 | D:2      | Found a shattered altar of Ashenzari.
  1182 | D:2      | Became a worshipper of Ashenzari the Shackled
  1452 | D:2      | Found an ancient bone altar of Kikubaaqudgha.
  1464 | D:2      | Reached XP level 5. HP: 44/47 MP: 5/5
  1482 | D:2      | Reached skill level 5 in Axes
  1967 | D:3      | Noticed an ogre
  1980 | D:3      | Killed an ogre
  1980 | D:3      | Reached XP level 6. HP: 10/55 MP: 6/6
  2539 | D:3      | Reached skill level 5 in Fighting
  2922 | D:4      | Found a white marble altar of Elyvilon.
  3027 | D:4      | Found a staircase to the Ecumenical Temple.
  3052 | D:4      | Reached skill level 6 in Axes
  3131 | D:4      | Reached XP level 7. HP: 12/61 MP: 7/7
  3555 | D:4      | Reached skill level 7 in Axes
  3555 | D:4      | Reached skill level 5 in Armour
  3555 | D:4      | Reached skill level 5 in Shields
  3705 | D:4      | Found a hazy altar of Hepliaklqana.
  3744 | D:4      | Found a shattered altar of Ashenzari.
  3744 | D:4      | Found a shadowy altar of Dithmenos.
  3750 | D:4      | Found a sacrificial altar of Ru.
  4248 | D:5      | Entered Level 5 of the Dungeon
  4303 | D:5      | Found the ring of Phasing {EV+8}
  4324 | D:5      | Reached XP level 8. HP: 36/70 MP: 8/8
  4600 | D:5      | Found a glowing silver altar of Zin.
  4655 | D:5      | Reached * piety under Ashenzari
  4817 | D:5      | Reached skill level 8 in Axes
  5403 | D:6      | Noticed Edmund
  5416 | D:6      | Killed Edmund
  5430 | D:6      | Found a radiant altar of Vehumet.
  5608 | D:6      | Noticed Duvessa
  5608 | D:6      | Noticed Dowan
  5626 | D:6      | Killed Duvessa
  5636 | D:6      | Killed Dowan
  5636 | D:6      | Reached skill level 9 in Axes
  5771 | D:6      | Noticed Pikel
  5789 | D:6      | Killed Pikel
  5789 | D:6      | Reached XP level 9. HP: 48/79 MP: 9/9
  5955 | D:6      | Found a hide-covered altar of Uskayaw.
  6053 | D:6      | Reached skill level 10 in Axes
  6476 | D:7      | Identified the cursed +0 leather armour of Memaudig {rPois
                  | rN+}
  6542 | D:7      | Found a blossoming altar of Fedhas.
  6904 | D:7      | Noticed Prince Ribbit
  7573 | D:8      | Found a radiant altar of Vehumet.
  7584 | D:8      | Found a white marble altar of Elyvilon.
  7584 | D:8      | Found a hide-covered altar of Uskayaw.
  7586 | D:8      | Found a shimmering altar of Xom.
  7586 | D:8      | Found a sacrificial altar of Ru.
  7586 | D:8      | Found a glowing golden altar of the Shining One.
  7586 | D:8      | Reached ** piety under Ashenzari
  7920 | D:8      | Found a bloodstained altar of Trog.
  8112 | D:9      | Noticed Maurice
  8163 | D:9      | Reached skill level 11 in Axes
  8170 | D:9      | Killed from afar by an orc priest

Levels and vault maps discovered:
D:1:      minmay_arrival_solitary_statue, layout_basic
D:2:      minmay_recursive_quarters, layout_basic, kennysheep_vampire_church,
          chequers_ecumenical_altar_simple, first_ration,
          corexii_hall_statues_t, nicolae_ashenzari_panopticon, uniq_robin
D:3:      layout_basic, minmay_misc_feat_ornament
D:4:      layout_loops_ring, marbit_many_paths,
          gammafunk_temple_overflow_forgotten, minmay_temple_entry_junction,
          minmay_misc_feat_diagonals, elyvilon_altar_3
D:5:      layout_basic, lemuel_crystal_altar
D:6:      layout_loops_corners, eat_drink_and_be_merry_uskayaw, vehumet_statue,
          nrook_campfire, uniq_edmund, uniq_pikel, uniq_duvessa
D:7:      layout_basic, kennysheep_little_box, uniq_prince_ribbit1
D:8:      layout_loops_corners, doesnt_xom_only_xom, lemuel_round_altar
D:9:      layout_basic, kennysheep_mini_moat, uniq_maurice

Skill      XL: |  1  2  3  4  5  6  7  8  9 |
---------------+----------------------------+-----
Axes           | 3 4 5 6 7 9 11 | 11.0
Fighting       | 4 5 6 7 8 |  8.0
Armour         | 4 5 6 7 |  7.2
Shields        | 4 5 6 7 |  7.2

Action                   |  1- 3 |  4- 6 |  7- 9 || total
-------------------------+-------+-------+-------++-------
Melee: War axe           |    87 |   203 |   407 ||   697
       Unarmed           |       |       |     6 ||     6
Invok: Curse Item        |       |     1 |     1 ||     2
  Use: Scroll            |       |       |    16 ||    16
       Potion            |       |       |     1 ||     1
  Eat: Chunk             |       |     8 |    18 ||    26
Armor: Scale mail        |    28 |       |       ||    28
       Plate armour      |    30 |   229 |   141 ||   400
Dodge: Dodged            |    22 |    60 |   152 ||   234
Block: Shield            |    48 |   153 |   219 ||   420
